 Dungeon Crawl Stone Soup version 0.27-a0-1358-ga0a28fc8c3 (webtiles) character file.

Game seed: 7325917310143606493

218 Delamore the Sneak (level 5, -2/36 HPs)
             Began as an Octopode Brigand on June 28, 2021.
             Slain by an orc (4 damage)
             ... on level 2 of the Dungeon.
             The game lasted 00:02:15 (2942 turns).

Delamore the Sneak (Octopode Brigand)               Turns: 2942, Time: 00:02:16

Health: -2/36      AC:  1    Str: 10    XL:     5   Next: 95%
Magic:  5/5        EV: 12    Int: 13    God:
Gold:   142        SH:  0    Dex: 15    Spells: 4/4 levels left

rFire    . . .     SeeInvis .   e - +1 short sword (speed)
rCold    . . .     Faith    .   (no shield)
rNeg     . . .     Spirit   .   (helmet restricted)
rPois    .         Reflect  .   (no amulet)
rElec    .         Harm     .   (no ring)
rCorr    .         Rampage  .   (no ring)
Will     .....                  (no ring)
Stlth    +++++.....             (no ring)
HPRegen  0.12/turn              (no ring)
MPRegen  0.09/turn              (no ring)
                                (no ring)
                                (no ring)

@: attractive
A: almost no armour, amphibious, 8 rings, camouflage 1, gelatinous body 1,
(nimble swimmer 1), tentacles
a: no special abilities


You were on level 2 of the Dungeon.
You visited 1 branch of the dungeon, and saw 3 of its levels.
You also visited: Sewer.

You collected 142 gold pieces.

Inventory:

Hand Weapons
 a - a +2 dagger
 e - a +1 short sword of speed (weapon)
Missiles
 b - 8 poisoned darts (quivered)
 c - 2 curare-tipped darts
 h - 8 boomerangs
Jewellery
 k - an amulet of the acrobat
Wands
 l - a wand of paralysis (12)
 p - a wand of flame (26)
Scrolls
 j - a scroll of teleportation
Potions
 f - a potion of curing {unknown}
 i - a potion of attraction
 o - a potion of berserk rage {unknown}


   Skills:
 + Level 3.3 Fighting
 + Level 3.3 Short Blades
 - Level 2.0 Throwing
 - Level 1.0 Dodging
 * Level 7.9 Stealth


You had 4 spell levels left.
You didn't know any spells.
Your spell library contained the following spells:

 Spells                   Type           Power      Damage    Failure   Level
 Magic Dart               Conj           0%         1d3       30%         1
 Blink                    Tloc           N/A        N/A       43%         2
 Call Imp                 Summ           0%         N/A       43%         2
 Slow                     Hex            0%         N/A       43%         2
 Conjure Flame            Conj/Fire      0%         6-21      67%         3
 Mephitic Cloud           Conj/Pois/Air  0%         N/A       67%         3


Dungeon Overview and Level Annotations

Branches:
Dungeon (3/15)              Sewer (visited)

Altars:
Cheibriados


Innate Abilities, Weirdness & Mutations

You cannot wear most types of armour.
You are amphibious.
You can wear up to eight rings at the same time.
Your skin changes colour to match your surroundings (Stealth+).
Your rubbery body absorbs attacks. (AC +1, EV +1)
((You are camouflaged near water. (Stealth+)))
You have tentacles for arms and can constrict up to eight enemies at once.


Message History

You are too injured to fight recklessly!
You are too injured to fight recklessly!
You are too injured to fight recklessly!
You release your grip on the orc.
The orc throws a stone.
The stone closely misses you.
The orc priest calls upon Beogh to heal something.
The orc priest looks satisfied for a moment.
You see here a +0 spear.
The orc throws a stone.
The stone hits you.
There is an open door here.
There is an escape hatch in the ceiling here.
The orc hits you with a +0 hand axe. A mysterious force pulls you upwards.
The hatch slams shut behind you.
You hit the orc but do no damage. You grab the orc.
You squeeze the orc, but do no damage.
You constrict the orc, but do no damage.
You hit the orc but do no damage. You squeeze the orc.
The orc is lightly wounded.
You constrict the orc, but do no damage.
The orc hits you with a +0 hand axe.
* * * LOW HITPOINT WARNING * * *
You hit the orc but do no damage.
The orc is lightly wounded.
You constrict the orc, but do no damage.
The orc hits you with a +0 hand axe.
* * * LOW HITPOINT WARNING * * *
You hit the orc but do no damage.
The orc is lightly wounded.
You constrict the orc. You hit the orc.
The orc is heavily wounded.
You constrict the orc, but do no damage.
The orc hits you with a +0 hand axe!
* * * LOW HITPOINT WARNING * * *
Okay, then.
It was a potion of attraction.
You feel attractive to monsters.
You constrict the orc, but do no damage.
The orc hits you with a +0 hand axe.
You die...

#.# #.#.# #.#
#.############.#.#
#.#
#.#............#.#
#.#
#.#.############.#
#.# ..#.### #.#
#.# ###.#<# #.#
#.# #.#.# #.# #.#
#.#.###### #.# #.#
#.#......## #@#
#.# ###.#....)..#
#o# #.#
....#.......# #.#
#.#
....#......)####.#
#######.##
....#............#
#........#
....##############
#.######## ....#
#.# ...## #.# '###
#.#


You could see an orc.

Vanquished Creatures
  A water moccasin (Sewer)
  3 gnolls (D:3)
  2 adders (D:3)
  An ufetubus (D:2)
  3 worms (D:3)
  5 bats
  10 endoplasms
  A giant cockroach (D:2)
  3 goblins
  4 hobgoblins
  5 jackals
  A quokka (D:2)
  2 ball pythons (D:1)
  4 frilled lizards
  7 kobolds
  4 rats
56 creatures vanquished.

Vanquished Creatures (others)
  A fungus (D:1)
  3 plants
4 creatures vanquished.

Grand Total: 60 creatures vanquished

Notes
Turn   | Place    | Note
-------+----------+-------------------------------------------
     0 | D:1      | Delamore the Octopode Brigand began the quest for the Orb.
     0 | D:1      | Reached XP level 1. HP: 14/14 MP: 1/1
   140 | D:1      | Reached XP level 2. HP: 12/19 MP: 2/2
   650 | D:1      | Reached skill level 6 in Stealth
   673 | D:1      | Reached XP level 3. HP: 23/25 MP: 3/3
   732 | D:1      | Found a faded altar of an unknown god.
  1932 | D:3      | Reached XP level 4. HP: 21/30 MP: 4/4
  2166 | D:3      | Found a glowing drain.
  2176 | D:3      | Reached skill level 7 in Stealth
  2321 | Sewer    | Entered a sewer
  2572 | Sewer    | Noticed a water moccasin
  2579 | Sewer    | Killed a water moccasin
  2580 | Sewer    | Reached XP level 5. HP: 36/36 MP: 5/5
  2905 | D:3      | Found a snail-covered altar of Cheibriados.
  2941 | D:2      | HP: 1/36 [orc (8)]
  2942 | D:2      | Slain by an orc

Illustrated notes

Levels and vault maps discovered:
D:1:      erik_arrival_orb_chamber, layout_loops_ring,
          shapermc_ecumenical_altar_hornbeckon, grunt_decor_cap
D:2:      kennysheep_big_flooded_room, layout_basic
D:3:      layout_basic, nicolae_wu_jian_immortal_techniques,
          overflow_temple_1_default, serial_forest,
          infiniplex_forest_lined_room_2, infiniplex_forest_zigzag_2,
          infiniplex_forest_lined_corner, infiniplex_forest_lined_room_3,
          infiniplex_forest_clump_small, infiniplex_forest_clump_medium,
          infiniplex_forest_end_2, infiniplex_forest_straight_3,
          infiniplex_forest_side_room, infiniplex_forest_straight_2,
          cheibrodos_sewer_entry_bend, chequers_serial_rivers_room_a

Skill      XL: |  1  2  3  4 |
---------------+-------------+-----
Stealth        | 6 7 |  7.9
Fighting       | 3 |  3.3
Short Blades   | 3 |  3.3
Throwing       | |  2.0
Dodging        | |  1.0

Action                   |  1- 3 |  4- 6 || total
-------------------------+-------+-------++-------
Melee: Dagger            |    12 |       ||    12
       Constrict         |    16 |    10 ||    26
       Tentacles         |     8 |     5 ||    13
       Short sword       |    65 |    41 ||   106
  Use: Scroll            |     1 |     4 ||     5
       Potion            |       |     1 ||     1
 Stab: Sleeping          |    13 |     2 ||    15
Armor: Skin              |     3 |     2 ||     5
Dodge: Dodged            |    30 |    18 ||    48

Table legend: (Time is in decaauts)
 A = Elapsed time spent in this place.
 B = Non-inter-level travel time spent in this place.
 C = Inter-level travel time spent in this place.
 D = Time resting spent in this place.
 E = Time spent auto-exploring this place.
 F = Levels seen in this place.
 G = Mean time per level.
                   A        B        C        D        E       F      G
               +--------+--------+--------+--------+--------+-----+--------+
         Total |   2903 |   2871 |     32 |    392 |   2129 |   4 |  725.8 |
       Dungeon |   2605 |   2573 |     32 |    392 |   1871 |   3 |  868.3 |
         Sewer |    297 |    297 |      0 |      0 |    258 |   1 |  297.0 |
               +--------+--------+--------+--------+--------+-----+--------+

Top non-repeatable levels by time:
     D:1: 965 daAuts
     D:2: 923 daAuts
     D:3: 716 daAuts
   Sewer: 297 daAuts
